 Dungeon Crawl Stone Soup version 0.30.0-29-ga12c61a403 (webtiles) character file.

Game seed: 13640008159067125064

24 DemonSlayer the Digger (level 2, -2/19 HPs)
             Began as a Demonspawn Earth Elementalist on June 20, 2023.
             Killed by nerve-wracking pain
             ... invoked by an orc priest
              (9 damage)
             ... on level 2 of the Dungeon.
             The game lasted 00:02:23 (1130 turns).

DemonSlayer the Digger (DsEE)                       Turns: 1130, Time: 00:02:24

Health: -2/19      AC:  5    Str:  8    XL:     2   Next: 79%
Magic:  4/5        EV: 27    Int: 18    God:
Gold:   92         SH:  0    Dex: 13    Spells: 3/6 levels left

rFire   . . .        c - +0 dagger
rCold   . . .        (no shield)
rNeg    . . .        a - +0 robe
rPois   +            l - +1 helmet
rElec   .            (no cloak)
rCorr   .            (no gloves)
SInv    .            d - +0 pair of boots
Will    .....        f - amulet of the acrobat
Stlth   ++           k - ring of poison resistance
HPRegen 0.23/turn    (no ring)
MPRegen 0.09/turn

%: acrobat
@: acrobatic
A: big brain 1
a: no special abilities


You were on level 2 of the Dungeon.
You visited 1 branch of the dungeon, and saw 2 of its levels.

You collected 92 gold pieces.

Inventory:

Hand Weapons
 c - a +0 dagger (weapon)
Armour
 a - a +0 robe (worn)
 d - a +0 pair of boots (worn)
 l - a +1 helmet (worn)
Jewellery
 f - an amulet of the acrobat (around neck)
 k - a ring of poison resistance (left hand)
Scrolls
 e - 2 scrolls of identify {unknown}
 g - a scroll of vulnerability {unknown}
 h - a scroll of noise {unknown}
 j - a scroll of fog {unknown}
 n - a scroll of teleportation {unknown}
Potions
 b - 2 potions of magic
 i - 2 potions of mutation {unknown}
 m - 2 potions of heal wounds {unknown}
 o - a potion of haste {unknown}
 p - a potion of curing {unknown}


   Skills:
 + Level 2.0 Dodging
 + Level 1.8 Stealth
 + Level 2.5 Spellcasting
 + Level 0.8 Transmutations
 + Level 3.1 Earth Magic


You had 3 spell levels left.
You knew the following spells:

 Your Spells              Type           Power      Damage    Failure   Level
a - Sandblast             Erth           26%        2d8       4%          1
b - Passwall              Tmut/Erth      7%         N/A       12%         2

Your spell library contained the following spells:

 Spells                   Type           Power      Damage    Failure   Level
 Stone Arrow              Conj/Erth      14%        3d7       26%         3
 Gell's Gravitas          Tloc           2%         N/A       45%         3
 Teleport Other           Tloc           2%         N/A       45%         3
 Petrify                  Tmut/Erth      9%         N/A       58%         4
 Dispersal                Tloc           1%         N/A       100%        6


Dungeon Overview and Level Annotations

Branches:
Dungeon (2/15)

Altars:
Sif Muna


Innate Abilities, Weirdness & Mutations

You have an unusually large brain. (Int +2)


Message History

A rat comes into view.
A rat is nearby!
A rat is nearby!
The helpless rat fails to defend itself.
You puncture the rat!
You kill the rat!
No target in view!
Found a shimmering blue altar of Sif Muna.
p - a cyan potion An adder comes into view.
The blast of sand hits the adder!
The adder is almost dead.
The adder barely misses you. The adder bites you but does no damage.
The blast of sand hits the adder!
You kill the adder!
Your Dodging skill increases to level 2!
You can't see any susceptible monsters within range! (Use Z to cast anyway.)
You can't see any susceptible monsters within range! (Use Z to cast anyway.)
You can't see any susceptible monsters within range! (Use Z to cast anyway.) Magic restored.
An orc comes into view. It is wielding a +0 hand axe.
An orc is nearby! 2 orcs come into view.
The orc shouts! x2
An orc priest comes into view. It is wielding a +0 club.
The orc shouts!
The orc priest shouts!
You hit the orc but do no damage. The orc barely misses you.
The blast of sand hits the orc.
The orc is heavily wounded.
The orc barely misses you.
The orc priest invokes the aid of Beogh against you.
Beogh smites you!
Ouch! That really hurt!
The orc closely misses you. The orc attacks as you move away!
The orc closely misses you.
The orc priest calls upon Beogh to heal the orc.
The orc's wounds heal themselves!
The orc priest invokes the aid of Beogh against you.
Pain shoots through your body!
You die...

#.## ##...##
#..###.....#
########...#......#
#..!oo...$###....## .
......####...#......#...
.##.#. ##.o........†....
#..#o##o.####.#.#..#...
# #.........#
#.#......##
#.#.#...@...# #.####.#.#
#.#.#...._..###.####.#.#
.......................
####.#...........###.##.
. ........##.......# . .
...#...........#
.#.##.##.......#
#..#.##.......# #
#.#.##.......#


You could see an orc priest and 2 orcs.

Vanquished Creatures
  An adder (D:2)
  2 endoplasms (D:1)
  A giant cockroach (D:2)
  A hobgoblin (D:1)
  A kobold (D:2)
  A quokka (D:1)
  2 ball pythons (D:1)
  2 bats (D:1)
  2 goblins (D:1)
  3 rats
16 creatures vanquished.

Notes
Turn   | Place    | Note
-------+----------+-------------------------------------------
     0 | D:1      | DemonSlayer the Demonspawn Earth Elementalist began the
                  | quest for the Orb.
     0 | D:1      | Reached XP level 1. HP: 13/13 MP: 3/3
   521 | D:1      | Reached skill level 3 in Earth Magic
   566 | D:1      | Gained mutation: You have an unusually large brain. (Int
                  | +2) [demonic ancestry]
   566 | D:1      | Reached XP level 2. HP: 19/19 MP: 1/5
   816 | D:1      | Learned a level 2 spell: Passwall
  1070 | D:2      | Found a shimmering blue altar of Sif Muna.
  1130 | D:2      | Killed from afar by an orc priest

Illustrated notes

Levels and vault maps discovered:
D:1:      lemuel_arrival_behind_the_door_small, layout_rooms
D:2:      kennysheep_six_static_rooms, layout_loops_cross, basic_altar,
          nicolae_half_adder

Skill      XL: |  1  2 |
---------------+-------+-----
Earth Magic    | 3 |  3.1
Dodging        | 2 |  2.0
Stealth        | |  1.8
Spellcasting   | |  2.5
Transmutations | |  0.8

Action                     || total
---------------------------++-------
  Melee: Dagger            ||     8
   Cast: Sandblast         ||    21
   Stab: Sleeping          ||     3
 Armour: Robe              ||     2
  Dodge: Dodged            ||    12
